 Dungeon Crawl Stone Soup version 0.28-a0-1510-gd0f6b136d3 (webtiles) character file.

Game seed: 14524602178954269949

259 Hasart the Insei (level 6, -9/39 HPs)
             Began as an Octopode Transmuter on Jan 14, 2022.
             Was an Initiate of Gozag.
             Mangled by a gnoll shaman (13 damage)
             ... on level 2 of the Dungeon.
             The game lasted 00:08:55 (4823 turns).

Hasart the Insei (Octopode Transmuter)              Turns: 4823, Time: 00:08:55

Health: -9/39      AC:  1    Str:  9    XL:     6   Next: 17%
Magic:  7/10       EV: 13    Int: 17    God:    Gozag
Gold:   225        SH:  0    Dex: 13    Spells: 0/10 levels left

rFire   . . .      SeeInvis .     - Unarmed
rCold   . . .      Faith    .   (no shield)
rNeg    . . .      Spirit   .   (helmet currently unavailable)
rPois   +          Reflect  .   (no amulet)
rElec   .          Harm     .   n - ring of poison resistance
rCorr   .          Rampage  .   (no ring)
Will    .....                   (no ring)
Stlth   ++........              (no ring)
HPRegen 0.13/turn               (no ring)
MPRegen 0.12/turn               (no ring)
                                (no ring)
                                (no ring)

@: appendages (expiring), wereblooded
A: tentacle spike 3, almost no armour, amphibious, 8 rings, camouflage 1,
gelatinous body 1, (nimble swimmer 1), tentacles
a: End Transformation, Renounce Religion, Potion Petition, Call Merchant, Bribe
Branch


You were on level 2 of the Dungeon.
You worshipped Gozag.
Gozag was aware of your devotion.
One of your tentacles had grown a beastly spike.
You visited 2 branches of the dungeon, and saw 5 of its levels.

You collected 1262 gold pieces.
You spent 280 gold pieces at shops.
You paid 757 gold pieces to Gozag.

Inventory:

Missiles
 j - 2 curare-tipped darts (quivered)
 l - a throwing net
Jewellery
 n - a ring of poison resistance (left tentacle)
Scrolls
 d - a scroll of torment {unknown}
 e - a scroll of amnesia {unknown}
 f - 2 scrolls of identify {unknown}
 g - 2 scrolls of blinking {unknown}
 m - a scroll of enchant weapon {unknown}
 o - a scroll of silence {unknown}
 p - a scroll of immolation {unknown}
Potions
 a - 2 potions of mutation {unknown}
 b - a potion of lignification {unknown}
 h - a potion of attraction {unknown}
 i - a potion of haste {unknown}
 k - a potion of ambrosia {unknown}


   Skills:
 + Level 2.3 Fighting
 + Level 1.5 Throwing
 + Level 2.7 Dodging
 * Level 4.4 Unarmed Combat
 + Level 2.9 Spellcasting
 + Level 2.8 Transmutations
 + Level 0.0 Ice Magic
 + Level 1.2 Poison Magic


You couldn't memorise any spells.
You knew the following spells:

 Your Spells              Type           Power      Damage    Failure   Level
a - Beastly Appendage     Tmut           24%        N/A       5%          1
b - Wereblood             Tmut           12%        N/A       9%          2
c - Spider Form           Tmut/Pois      9%         N/A       22%         3
d - Ice Form              Ice/Tmut       7%         N/A       67%         4

Your spell library contained the following spells:

 Spells                   Type           Power      Damage    Failure   Level


Dungeon Overview and Level Annotations

Branches:
Dungeon (4/15)             Temple (1/1) D:4

Altars:
Cheibriados
Elyvilon
Gozag
Makhleb
Nemelex Xobeh
Okawaru
Ru
Trog
The Shining One

Shops:
D:1 !   D:4 =

Annotations:
D:4 Menkaure


Innate Abilities, Weirdness & Mutations

One of your tentacles has grown a beastly spike.
You cannot wear most types of armour.
You are amphibious.
You can wear up to eight rings at the same time.
Your skin changes colour to match your surroundings (Stealth+).
Your rubbery body absorbs attacks. (AC +1, EV +1)
((You are camouflaged when in or above water. (Stealth+)))
You have tentacles for arms and can constrict up to eight enemies at once.


Message History

You constrict the gnoll shaman.
The gnoll shaman hits you with a +0 whip!
* * * LOW HITPOINT WARNING * * *
You tentacle-slap the gnoll shaman but do no damage.
The gnoll shaman is severely wounded.
You constrict the gnoll shaman, but do no damage.
The gnoll shaman utters an invocation to its god.
The gnoll shaman is healed somewhat.
Unknown command.
You tentacle-slap the gnoll shaman but do no damage.
You pierce the gnoll shaman, but do no damage.
The gnoll shaman is heavily wounded.
You constrict the gnoll shaman.
The gnoll shaman prays to its god.
The gnoll shaman is healed somewhat.
Unknown command.
You barely miss the gnoll shaman.
The gnoll shaman is moderately wounded.
You constrict the gnoll shaman. The gnoll shaman barely misses you.
Unknown command.
You tentacle-slap the gnoll shaman.
You pierce the gnoll shaman, but do no damage.
You squeeze the gnoll shaman, but do no damage.
The gnoll shaman is heavily wounded.
You constrict the gnoll shaman.
The gnoll shaman hits you with a +0 whip.
* * * LOW HITPOINT WARNING * * *
You tentacle-slap the gnoll shaman but do no damage.
You squeeze the gnoll shaman, but do no damage.
The gnoll shaman is heavily wounded.
Your transformation is almost over.
You constrict the gnoll shaman, but do no damage.
The gnoll shaman misses you.
Unknown command.
You tentacle-slap the gnoll shaman but do no damage.
The gnoll shaman is heavily wounded.
You constrict the gnoll shaman.
The gnoll shaman hits you with a +0 whip!
You die...
Your body crumbles into a pile of gold.

######### ####### #.......#
......# #.#####.# #####.# #.# #.#
##### #.# #.# #.# ##...# #.# #.#
#.# ##.###. #.##########.# #<#
#.## ## #..........g@# #.# #.# #
############## ###.####.## ##
#...# ###.........###. #.#.#
#<........#...(. #.#.#
#.#.#.###.#.....
#.#.####.#.#.###.#.....
###########.#........#...........
............#..............###...
.#####.######.####.#######.# ##.#


You could see a gnoll shaman.

Vanquished Creatures
  A water moccasin skeleton (D:4)
  A centaur zombie (D:4)
  5 adders
  4 gnolls
  An ufetubus (D:3)
  3 worms
  6 orcs
  10 ball pythons
  3 bats
  5 endoplasms
  3 giant cockroaches
  4 goblins (D:1)
  7 hobgoblins
  6 jackals
  2 quokkas
  5 frilled lizards
  7 kobolds
  6 rats
79 creatures vanquished.

Notes
Turn   | Place    | Note
-------+----------+-------------------------------------------
     0 | D:1      | Hasart the Octopode Transmuter began the quest for the Orb.
     0 | D:1      | Reached XP level 1. HP: 13/13 MP: 3/3
     9 | D:1      | Found Mirewa's Distillery.
    28 | D:1      | Reached XP level 2. HP: 15/18 MP: 3/5
    32 | D:1      | Learned a level 2 spell: Wereblood
   540 | D:1      | Reached XP level 3. HP: 17/23 MP: 6/6
   879 | D:1      | Found a faded altar of an unknown god.
  1115 | D:1      | Identified a scroll of acquirement
  1115 | D:1      | Acquired 1143 gold pieces
  1262 | D:2      | Learned a level 3 spell: Spider Form
  1510 | D:2      | Reached XP level 4. HP: 18/29 MP: 5/7
  3215 | D:3      | Reached skill level 4 in Unarmed Combat
  3442 | D:4      | Reached XP level 5. HP: 22/34 MP: 7/9
  3446 | D:4      | Reached skill level 1 in Throwing
  3799 | D:4      | Reached skill level 1 in Poison Magic
  4134 | D:4      | Reached XP level 6. HP: 30/39 MP: 10/10
  4148 | D:4      | Found a staircase to the Ecumenical Temple.
  4164 | Temple   | Entered the Ecumenical Temple
  4279 | Temple   | Became a worshipper of Gozag Ym Sagoz the Greedy
  4338 | D:4      | Bought a ring of poison resistance for 280 gold pieces
  4545 | D:4      | Noticed Menkaure
  4562 | D:3      | Learned a level 4 spell: Ice Form
  4823 | D:2      | Mangled by a gnoll shaman

Illustrated notes

Levels and vault maps discovered:
D:1:      dpeg_arrival_pits, layout_basic,
          shapermc_ecumenical_altar_mp_urbaneastern, serial_shops, shop_statue
D:2:      layout_loops_ring, kennysheep_donut, minmay_statues_item
D:3:      layout_loops_ring, kennysheep_pointless_box,
          hangedman_abyss_or_decor_lesser_grid
D:4:      layout_gridville, old_standard_altar, minmay_temple_entry_mist,
          serial_glass, glass_columns_a, glass_columns_a, glass_columns_a,
          glass_columns_a, glass_columns_b, due_unseen_surprise,
          feat_on_display, minmay_strange_pillars, uniq_edmund, uniq_menkaure
Temple:   dpeg_five_rooms_temple

Skill      XL: |  1  2  3  4  5 |
---------------+----------------+-----
Unarmed Combat | 4 |  4.4
Throwing       | 1 |  1.5
Fighting       | 2 |  2.3
Poison Magic   | 1 |  1.2
Dodging        | |  2.7
Spellcasting   | |  2.9
Transmutations | |  2.8

Action                   |  1- 3 |  4- 6 || total
-------------------------+-------+-------++-------
Melee: Unarmed           |    80 |   119 ||   199
       Tentacles         |    17 |    22 ||    39
       Constrict         |    23 |    24 ||    47
       Kick              |     4 |    22 ||    26
       Punch             |     2 |     3 ||     5
Throw: Dart              |       |     9 ||     9
 Cast: Beastly Appendage |     4 |     9 ||    13
       Wereblood         |     2 |     4 ||     6
Invok: Call Merchant     |       |     1 ||     1
  Use: Scroll            |     2 |       ||     2
 Stab: Sleeping          |     3 |     3 ||     6
Armor: Skin              |     3 |     7 ||    10
Dodge: Dodged            |    47 |    78 ||   125

Table legend: (Time is in decaauts)
 A = Elapsed time spent in this place.
 B = Non-inter-level travel time spent in this place.
 C = Inter-level travel time spent in this place.
 D = Time resting spent in this place.
 E = Time spent auto-exploring this place.
 F = Levels seen in this place.
 G = Mean time per level.
                   A        B        C        D        E       F      G
               +--------+--------+--------+--------+--------+-----+--------+
         Total |   4813 |   4669 |    144 |    320 |   3607 |   5 |  962.6 |
       Dungeon |   4646 |   4553 |     93 |    320 |   3502 |   4 | 1161.5 |
        Temple |    166 |    115 |     51 |      0 |    105 |   1 |  166.0 |
               +--------+--------+--------+--------+--------+-----+--------+

Top non-repeatable levels by time:
     D:2: 1549 daAuts
     D:1: 1132 daAuts
     D:4: 989 daAuts
     D:3: 974 daAuts
  Temple: 166 daAuts
